[Event "Late-Titled-Tuesday-Blitz-June-25-2024"]
[Site "Chess.com"]
[Date "2024.06.25"]
[Round "7"]
[White "Boundless_Strike"]
[Black "CM_rui"]
[Result "1-0"]
[WhiteElo "2730"]
[BlackElo "2566"]
[TimeControl "180+1"]
[EndTime "15:16:58 PDT"]
[Termination "Boundless_Strike won by resignation"]

1. d4 Nf6 2. Nc3 e6 3. e4 Bb4 4. e5 Ng8 5. Qg4 Kf8 6. Nf3 c5 7. Bd3 Nc6 8. O-O cxd4 9. Ne4 d5 10. Neg5 Be7 11. Nxh7+ Rxh7 12. Bxh7 Bd7 13. h4 Qc7 14. Bf4 Rc8 15. h5 Bc5 16. h6 Nxh6 17. Bxh6 gxh6 18. Qg8+ Ke7 19. Qg7 Rf8 20. Qf6+ Ke8 21. c3 Be7 22.
Qxh6 dxc3 23. bxc3 Nxe5 24. Nxe5 Qxe5 25. Rfe1 Qxc3 26.
Rac1 Qb2 27. Qf4 Rh8 28. Bf5 Qf6 29. Qb8+ Bd8 30. Bh3 Bc6 31. Qc8 Ke7 32. Rxc6 bxc6 33. Qb7+ Kd6 34. Qxa7 Qc3 35. Rb1 Bf6 36. Qxf7 Be5 37.
Qxe6+ Kc5 38. Qg4 Rf8 39. Qd1 Bd4 40. Rc1 Bxf2+ 41. Kh1 Bd4 42. Rxc3+ Bxc3 43. Qd3 d4 44. g4 Rf2 45. Bf1 Rd2 46. Qc4+ Kd6 47. Qf7 Rd1 48. Kg2 d3 49. Qg6+ Kc5 50. Bxd3 Rd2+ 51. Kf3 Kd4 52. Be4 Rd1 53. Qd6+ Kc4 54. Qxd1 1-0

[Event "Late-Titled-Tuesday-Blitz-June-25-2024"]
[Site "Chess.com"]
[Date "2024.06.25"]
[Round "7"]
[White "osielchesslover2011"]
[Black "klercaku"]
[Result "0-1"]
[WhiteElo "2179"]
[BlackElo "2309"]
[TimeControl "180+1"]
[EndTime "15:16:58 PDT"]
[Termination "klercaku won by resignation"]

1. e4 e5 2. Nf3 Nc6 3. d4 exd4 4. Bc4 Be7 5. O-O d6 6. Nxd4 Nf6 7. Nc3 O-O 8. Bg5 a6 9. f4 h6 10. Bh4 Nxe4 11. Nxe4 Bxh4 12. Bd5 Ne7 13. Bb3 Nf5 14. Nf3 Bf6 15. Qd3 Nh4 16. Nxh4 Bxh4 17. f5 Bf6 18. c3 Bd7 19. Rae1 Bc6 20. Ng3 Be5 21. Nh5 Qg5 22. Qh3 Bxg2 23. Qxg2 Qxh5 24. f6 g6 25. Re3 Rfe8 26. Re4 Bxh2+ 27. Kh1 Rxe4 28.
Qxe4 Be5+ 29. Kg2 Qh2+ 30. Kf3 Qg3+ 31. Ke2 h5 32. Rf3 Qg4 33. Qxb7 Re8 34. Kd3 Bf4 35. Qd5 Rf8 36. Qe4 Be5 37. Qd5 Qd7 38. Qe4 Kh7 39. Kc2 Qg4 40. Qd3 Qg2+ 41. Qd2 Qxf3 42. Bd5 Qf5+ 43.
Kb3 Bf4 44. Qd3 Qxd3 0-1

[Event "Late-Titled-Tuesday-Blitz-June-25-2024"]
[Site "Chess.com"]
[Date "2024.06.25"]
[Round "7"]
[White "GelmanAlexander"]
[Black "subham777"]
[Result "1-0"]
[WhiteElo "2713"]
[BlackElo "2542"]
[TimeControl "180+1"]
[EndTime "15:17:00 PDT"]
[Termination "GelmanAlexander won by resignation"]

1. c4 e6 2. d3 d5 3. Nd2 Nf6 4.
Ngf3 Be7 5. a3 O-O 6. e3 c5 7. b3 Nc6 8. Bb2 d4 9. exd4 cxd4 10. b4 a6 11. g3 e5 12. Bg2 Bf5 13. Nb3 Re8 14.
O-O Bd6 15. Re1 h6 16. Rc1 Rc8 17. Qd2 Bb8 18. a4 a5 19. bxa5 Bc7 20. Ba3 Nxa5 21. Rb1 Nc6 22. Nc5 Ba5 23. Nxb7 Bxd2 24. Nxd8 Bxe1 25.
Nxc6 Bxf2+ 26. Kxf2 Rxc6 27. Nxd4 Bxd3 28. Bxc6 Rc8 29. Bb7 Rxc4 30. Rb4 Rc3 31. Bb2 exd4 32. Bxc3 dxc3 33. Ke3 c2 34. Kd2 Nd7 35. Rd4 Nc5 36. Bd5 Bf5 37. a5 Bc8 38. Kxc2 Kf8 39. Kc3 Nd7 40. Bc4 Nc5 41. Rd6 Ke7 42. Rc6 Nd7 43. Rxc8 Kd6 44. Rd8 Kc7 45. Rxd7+ Kxd7 46. Bxf7 Kc6 47.
Bh5 Kb5 48. Be2+ Kxa5 49. Kd4 Kb6 50. Ke5 h5 51. Kf5 h4 52. gxh4 Kc6 53. Kg6 Kd7 54.
Kxg7 Ke6 55. h5 1-0

[Event "Late-Titled-Tuesday-Blitz-June-25-2024"]
[Site "Chess.com"]
[Date "2024.06.25"]
[Round "7"]
[White "HajiyevKanan"]
[Black "Quattroporte300"]
[Result "1-0"]
[WhiteElo "2606"]
[BlackElo "2433"]
[TimeControl "180+1"]
[EndTime "15:17:01 PDT"]
[Termination "HajiyevKanan won on time"]

1. d4 d5 2. Nf3 g6 3. c4 dxc4 4. e4 Bg7 5. Bxc4 e6 6. Nc3 Ne7 7. Bg5 h6 8. Be3 O-O 9. h4 h5 10. Qd2 a6 11. Bh6 b5 12. Bb3 Bb7 13. Bxg7 Kxg7 14.
Qf4 b4 15. Ne2 Nd7 16. Rc1 Rc8 17. Ng5 c5 18. Bxe6 fxe6 19. Nxe6+ Kh7 20. Nxd8 Rxf4 21. Nxb7 Rxe4 22. Nd6 Re6 23. Nxc8 Nxc8 24. dxc5 Ne7 25. Rh3 Ne5 26. Re3 Nd5 27. Rxe5 Rxe5 28. c6 Re7 29. Kd2 a5 30. g3 Kg7 31. Nf4 Nc7 32. Rc5 a4 33.
Rg5 Kf6 34. Rxg6+ Ke5 35. Nxh5 Kd5 36. Nf4+ Kc4 37. h5 b3 38. a3 Re8 39. Rd6 Nb5 40. Rd7 Kc5 41. c7 Kc6 42. Rd8 Nxc7 43. Rxe8 Nxe8 44. h6 Nf6 45. g4 Nh7 46. Nd3 Kd5 47.
f4 Ke4 48. g5 Nf8 49. Kc3 Ke3 50.
f5 Ke4 51. g6 1-0

[Event "Late-Titled-Tuesday-Blitz-June-25-2024"]
[Site "Chess.com"]
[Date "2024.06.25"]
[Round "7"]
[White "Brown_Mamba24"]
[Black "EternalNight8"]
[Result "1-0"]
[WhiteElo "2557"]
[BlackElo "2384"]
[TimeControl "180+1"]
[EndTime "15:17:01 PDT"]
[Termination "Brown_Mamba24 won by resignation"]

1. d4 Nf6 2. c4 e6 3. Nf3 Bb4+ 4.
Nbd2 a5 5. a3 Be7 6. e4 d5 7. e5 Nfd7 8. Bd3 c5 9. Qc2 Nc6 10.
cxd5 exd5 11. Bxh7 cxd4 12. e6 Nde5 13. exf7+ Nxf7 14. O-O Be6 15. Re1 Qd7 16. Nb3 Bg4 17. Nbxd4 O-O-O 18. h3 Rxh7 19. Qxh7 Bxf3 20. Nxf3 Bf6 21.
Bf4 Nd6 22. Rac1 Bxb2 23. Ne5 Bxe5 24. Bxe5 Nc4 25. Bxg7 Nxa3 26. Qh6 Nc4 27. Bc3 a4 28. Ba1 a3 29. Red1 Qf5 30. Qh4 Rf8 31. Qg4 Qxg4 32. hxg4 Rd8 33. g5 a2 34. g6 Ne7 35. g7 Rg8 36. f4 b5 37. g4 b4 38. Rd3 Kd7 39. f5 Ke8 40. f6 Ng6 41. Rxd5 Nf4 42. Re1+ Kf7 43. Rd7+ Kg6 44. f7 Rxg7 45. Bxg7 Kxg7 46. Rf1 Ne2+ 47. Kh2 Ne3 48. f8=Q+ Kg6 49. Rg7+ 1-0

[Event "Late-Titled-Tuesday-Blitz-June-25-2024"]
[Site "Chess.com"]
[Date "2024.06.25"]
[Round "7"]
[White "KebabJangles"]
[Black "Dexter_Dyke"]
[Result "1-0"]
[WhiteElo "2262"]
[BlackElo "2499"]
[TimeControl "180+1"]
[EndTime "15:17:02 PDT"]
[Termination "KebabJangles won on time"]

1. d4 Nf6 2. c4 c5 3. d5 e5 4. Nc3 d6 5. e4 Be7 6. Nge2 Nbd7 7. Ng3 g6 8. Bd3 h5 9. Qc2 h4 10. Nf1 Nh5 11. h3 Bg5 12. Nb5 Be7 13. Bd2 a6 14.
Nc3 Bg5 15. g3 O-O 16. O-O-O b5 17. cxb5 c4 18. Bxc4 axb5 19. Nxb5 Nb6 20. Bb3 Ba6 21. Nc3 Qf6 22. Bxg5 Qxg5+ 23. Kb1 Rfc8 24. gxh4 Qxh4 25. Ne3 Nf4 26. Ka1 Rc5 27. Rdg1 Rac8 28. Nf5 Qf6 29.
Ng3 Bd3 30. Qd2 Bc4 31. Bc2 Ra8 32. h4 Rca5 33. a3 Ba6 34. Bb3 Nc4 35. Bxc4 Bxc4 36.
Nb1 Nd3 37. Nf5 Nc5 38. Qg5 Nb3+ 39. Ka2 Nd4+ 40. b3 Bxb3+ 41. Kb2 Nxf5 42. Qxf6 Nd4 43. h5 Bc2 44. hxg6 Rb5+ 45. Kc3 Rb3+ 46. Kd2 Rd3+ 47.
Ke1 Nf3+ 48. Kf1 1-0

[Event "Late-Titled-Tuesday-Blitz-June-25-2024"]
[Site "Chess.com"]
[Date "2024.06.25"]
[Round "7"]
[White "JEHUBNER"]
[Black "tolimachess"]
[Result "1-0"]
[WhiteElo "1997"]
[BlackElo "2288"]
[TimeControl "180+1"]
[EndTime "15:17:02 PDT"]
[Termination "JEHUBNER won on time"]

1. e4 c5 2. c3 e6 3. d4 d5 4. exd5 Qxd5 5. Nf3 Nf6 6. Be2 Nc6 7. Be3 cxd4 8. cxd4 Be7 9. Nc3 Qd8 10. O-O O-O 11. Ne5 Nb4 12. a3 Nbd5 13. Bf3 h6 14. Rc1 a6 15. Ne4 Nxe3 16. fxe3 Nd5 17. Qd2 Bd6 18. Nc4 Bb8 19. Nc3 Qh4 20. g3 Qg5 21. Nxd5 exd5 22. Nb6 Bh3 23. Nxa8 Bxg3 24. hxg3 Qxg3+ 25. Bg2 Rxa8 26. Rf3 Qg5 27. Rxh3 Re8 28. Rf1 Re6 29.
Qf2 Rf6 30. Rf3 Rg6 31. Rxf7 Kh7 32. Qf3 b5 33. Rf2 a5 34. Qf5 Qxe3 35. Rf8 Qe1+ 36. Kh2 b4 37. Qf3 bxa3 38. Qe2 Qb4 39. bxa3 Qxa3 40. Qf3 Qe7 41. Qf5 Qh4+ 42. Kg1 Qxd4 43. Rh8+ Kxh8 44. Qxg6 Qd1+ 45. Kh2 1-0

[Event "Late-Titled-Tuesday-Blitz-June-25-2024"]
[Site "Chess.com"]
[Date "2024.06.25"]
[Round "7"]
[White "JuliaEfremova"]
[Black "Boudicca64"]
[Result "1-0"]
[WhiteElo "2300"]
[BlackElo "1933"]
[TimeControl "180+1"]
[EndTime "15:17:04 PDT"]
[Termination "JuliaEfremova won on time"]

1. e4 g6 2. d4 Bg7 3. Nf3 c5 4. c3 cxd4 5. cxd4 d5 6. e5 Nc6 7.
Be2 Bg4 8. h3 Bxf3 9. Bxf3 Nh6 10. e6 fxe6 11. O-O O-O 12. Nc3 Nxd4 13. Bg4 Nhf5 14.
Ne2 Qb6 15. Nxd4 Qxd4 16. Qb3 b6 17. Bg5 Bf6 18. Rad1 Qxb2 19. Qxb2 Bxb2 20. Bxf5 Rxf5 21. Bxe7 Kf7 22. Bh4 Rc8 23. Rd2 Bc3 24. Rc2 d4 25.
Rfc1 Rfc5 26. Rd1 e5 27. Re2 Re8 28. f3 a5 29. Bg3 b5 30. Bf2 b4 31. Bg3 a4 32. f4 e4 33. Be1 Bxe1 34. Rdxe1 b3 35. axb3 axb3 36. Rb2 Rc3 37. Reb1 d3 38. Kf1 Rc2 39.
Rxb3 d2 40. Rd1 Rec8 41. Ke2 e3 42. Rxe3 Ra2 43. Rxd2 Rxd2+ 44. Kxd2 Ra8 45. Ke2 Kf6 46. Kf3 h5 47. Rb3 h4 48. Kg4 Ra4 49. Rb6+ Kf7 50.
Kg5 Re4 51. Rf6+ Ke7 52. Rxg6 1-0

[Event "Late-Titled-Tuesday-Blitz-June-25-2024"]
[Site "Chess.com"]
[Date "2024.06.25"]
[Round "7"]
[White "kiwibobo"]
[Black "sammartin99"]
[Result "0-1"]
[WhiteElo "2349"]
[BlackElo "2501"]
[TimeControl "180+1"]
[EndTime "15:17:05 PDT"]
[Termination "sammartin99 won by checkmate"]

1. e4 e6 2. d4 d5 3. Nd2 dxe4 4.
Nxe4 Nd7 5. Nf3 Ngf6 6. Nxf6+ Nxf6 7. Bd3 c5 8. Be3 Qc7 9. O-O Be7 10. dxc5 Bxc5 11. Bg5 O-O 12. Re1 b6 13. Ne5 Nd5 14. Qh5 g6 15. Qh4 f6 16. Bh6 fxe5 17. Bxf8 Bxf8 18.
Be4 Bb7 19. Rad1 Bg7 20. Qg4 Re8 21. Qf3 Rf8 22. Qb3 Nf4 23. g3 Bxe4 24. gxf4 Bd5 25. Rxd5 exd5 26. Qxd5+ Qf7 27. Qxf7+ Rxf7 28. fxe5 Rf5 29. e6 Re5 30. Rd1 Rxe6 31. Rd8+ Kf7 32. Rd7+ Re7 33. Rd6 Bxb2 34. a4 Ba3 35. Rc6 Bc5 36.
Kg2 Re2 37. Rc7+ Kf6 38. Rxa7 Rxf2+ 39. Kg3 Rxc2 40. a5 bxa5 41. Rxa5 h5 42. h3 Rc3+ 43. Kf4 Bd6+ 44. Ke4 Rxh3 45. Ra6 Ke6 46. Rb6 Rg3 47. Ra6 h4 48. Ra8 h3 49. Rh8 g5 50. Rh6+ Kd7 51. Kd5 Rd3+ 52. Ke4 Rg3 53. Kd5 Bf4 54. Rh7+ Ke8 55.
Ke6 Re3+ 56. Kf5 Kd8 57. Kg4 h2 58. Rh8+ Kc7 59. Rh7+ Kc6 60. Rh6+ Kd5 61. Rh8 Re1 62. Rd8+ Kc6 63. Rh8 h1=Q 64. Rf8 Qh4+ 65. Kf5 Re5+ 66. Kg6 Qe1 67. Rc8+ Kd7 68. Rf8 Qe4+ 69. Kh5 g4+ 70. Kxg4 Rg5+ 71. Kh3 Qh1# 0-1

[Event "Late-Titled-Tuesday-Blitz-June-25-2024"]
[Site "Chess.com"]
[Date "2024.06.25"]
[Round "7"]
[White "Leebit02"]
[Black "glebus008"]
[Result "1-0"]
[WhiteElo "2589"]
[BlackElo "2405"]
[TimeControl "180+1"]
[EndTime "15:17:06 PDT"]
[Termination "Leebit02 won on time"]

1. e4 Nc6 2. Nf3 d5 3. exd5 Qxd5 4. Nc3 Qh5 5. Be2 Bg4 6. d3 e5 7. Ne4 f5 8. Ng3 Qf7 9. h3 Bxf3 10. Bxf3 g6 11. c3 Nge7 12. Qc2 Bg7 13. Bd2 O-O 14. Qb3 Qxb3 15. axb3 Rfd8 16. Be2 Nd5 17. O-O-O a5 18. Kc2 b5 19. Ra1 b4 20. Ra4 Re8 21. Bf3 Red8 22. Rha1 Kf7 23. Nf1 Ke6 24. Ne3 Nxe3+ 25. fxe3 e4 26.
dxe4 bxc3 27. bxc3 fxe4 28. Bxe4 Ra6 29. Rc4 Rd6 30. Bxc6 Rdxc6 31. Rxc6+ Rxc6 32. Rxa5 Rd6 33. Rc5 Kd7 34. Rc4 Rf6 35. Rf4 Ra6 36. Kd3 Ke6 37. Re4+ Kd7 38. Rf4 Ke6 39. b4 Ra2 40. Rc4 Ra1 41.
Rxc7 Be5 42. Rc6+ Kd7 43. Rc5 Bd6 44. Rd5 Rg1 45. e4 Ke6 46. b5 Rxg2 47. b6 Rg3+ 48.
Kc4 Rxh3 49. b7 Bc7 50. Rc5 Bb8 51. Rc8 Ba7 52. Ra8 Rh4 53. Rxa7 Rxe4+ 54. Kd3 1-0

[Event "Late-Titled-Tuesday-Blitz-June-25-2024"]
[Site "Chess.com"]
[Date "2024.06.25"]
[Round "7"]
[White "tarno17"]
[Black "duone"]
[Result "0-1"]
[WhiteElo "2167"]
[BlackElo "2380"]
[TimeControl "180+1"]
[EndTime "15:17:06 PDT"]
[Termination "duone won by resignation"]

1. e4 c6 2. d4 d5 3. Nc3 dxe4 4. Nxe4 Nf6 5. Ng3 e6 6. Nf3 Bd6 7. Bd3 O-O 8. Be3 Nbd7 9. c3 b6 10. Bc2 Bb7 11. Qd3 Qc8 12. Bg5 Ba6 13. c4 Bb4+ 14. Nd2 g6 15. O-O c5 16. Nde4 Nxe4 17. Nxe4 f5 18. Nd6 Qc6 19. dxc5 Bxc5 20. Nb5 Ne5 21. Qe2 Nxc4 22. Bd3 Bxb5 23. a4 Ba6 24. b4 Bd4 25.
Rac1 Rac8 26. b5 Qd5 27. bxa6 Ne5 28. Rxc8 Rxc8 29. Bb5 Qe4 30. Qxe4 fxe4 31. h3 Rc2 32.
Be3 Bxe3 33. fxe3 Nd3 34. Rd1 Ra2 35. Bxd3 exd3 36. Rxd3 Rxa4 37. Rd6 Rxa6 38. Rxe6 Ra1+ 39. Kf2 b5 40. Kf3 a5 41. Kf4 b4 42. Kg5 Kf7 43.
Rb6 Ra3 44. e4 b3 45. e5 a4 46. Rf6+ Ke7 47. Rb6 Ra2 48. g4 b2 49. h4 a3 50. Rb7+ Ke6 51. Rb5 Ra1 52. Rb6+ Kxe5 53. Rb5+ Kd4 54. Rb4+ Kc3 55. Rb7 b1=Q 56. Rxb1 Rxb1 0-1

[Event "Late-Titled-Tuesday-Blitz-June-25-2024"]
[Site "Chess.com"]
[Date "2024.06.25"]
[Round "7"]
[White "Njal28"]
[Black "legendisback1"]
[Result "1/2-1/2"]
[WhiteElo "3116"]
[BlackElo "3039"]
[TimeControl "180+1"]
[EndTime "15:17:08 PDT"]
[Termination "Game drawn by repetition"]

1. e4 e5 2. Nf3 Nc6 3. Nc3 Nf6 4. Bb5 Nd4 5. Nxd4 exd4 6. e5 dxc3 7. exf6 Qxf6 8.
dxc3 Bd6 9. O-O O-O 10. Re1 c6 11.
Bd3 Bc7 12. Qh5 h6 13. Be3 Bb6 14. a4 d5 15. a5 Bxe3 16. Rxe3 Be6 17. Rae1 Rfe8 18.
h3 Bd7 19. Rxe8+ Rxe8 20. Rxe8+ Bxe8 21. Qe2 Qe6 22. f4 c5 23. Kf2 Qxe2+ 24. Bxe2 Bc6 25. Bf3 Kf8 26. a6 b5 27. b4 c4 28. Ke3 Ke7 29. Kd4 Kd6 30. h4 f6 31. h5 Ba8 32.
Bg4 Bc6 33. Bc8 Kc7 34. Be6 Kd6 35. Bf7 Ba8 36. g3 Bc6 37. Bg6 Bd7 38. Bf7 Bc6 39.
Bg8 Ba8 40. Ke3 Bc6 41. Bf7 Bd7 42. Bg6 Bc8 43. Be8 Bxa6 44. Kd4 f5 45. Bf7 Bb7 46. Bg6 Bc8 47. Bf7 Bb7 48. Be8 a6 49. Bf7 Bc6 50.
Bg8 Bb7 51. Bf7 Bc6 52. Bg8 Bb7 53. Ke3 Bc6 54. Bh7 Bd7 55. Kd4 Bc8 56. Bg8 Bb7 1/2-1/2

[Event "Late-Titled-Tuesday-Blitz-June-25-2024"]
[Site "Chess.com"]
[Date "2024.06.25"]
[Round "7"]
[White "DucksParadise"]
[Black "Roedor"]
[Result "1/2-1/2"]
[WhiteElo "2578"]
[BlackElo "2402"]
[TimeControl "180+1"]
[EndTime "15:17:08 PDT"]
[Termination "Game drawn by repetition"]

1. c4 Nf6 2. g3 g6 3. Bg2 Bg7 4. Nc3 O-O 5. e4 e5 6. Nge2 c6 7. O-O Na6 8. d3 Nc7 9. h3 d5 10. exd5 cxd5 11. Bg5 d4 12. Ne4 Ne6 13. Nxf6+ Bxf6 14. Bxf6 Qxf6 15. f4 exf4 16. Nxf4 Qg5 17. Qf3 Rb8 18.
Nd5 b5 19. b3 bxc4 20. dxc4 Bb7 21. Rad1 Kg7 22. Qf6+ Qxf6 23. Nxf6 Bxg2 24. Kxg2 Rfd8 25. Nd5 a5 26. Rd3 a4 27. b4 Rbc8 28. Nb6 Rc6 29. c5 Rb8 30. a3 Rbxb6 31. cxb6 Rxb6 32. Rc1 Kf6 33. Rc8 Ke5 34. Kf3 h5 35. h4 g5 36.
hxg5 Nxg5+ 37. Ke2 Ke4 38. Rc5 Rg6 39. b5 Ne6 40.
Rxh5 f5 41. Rh4+ f4 42. gxf4 Rg2+ 43. Kf1 Rb2 44. Rd1 d3 45. Re1+ Kf5 46. Rh5+ Kg4 47. Rd5 Nxf4 48. Rd4 Kf3 49. Rb4 Rf2+ 50. Kg1 Rg2+ 51. Kh1 Re2 52. Rf1+ Kg3 53. Rbxf4 Rh2+ 54. Kg1 Rg2+ 55. Kh1 Rh2+ 56. Kg1 Rg2+ 57. Kh1 Rh2+ 1/2-1/2

[Event "Late-Titled-Tuesday-Blitz-June-25-2024"]
[Site "Chess.com"]
[Date "2024.06.25"]
[Round "7"]
[White "GM_dmitrij"]
[Black "Zurability"]
[Result "1-0"]
[WhiteElo "2980"]
[BlackElo "2768"]
[TimeControl "180+1"]
[EndTime "15:17:09 PDT"]
[Termination "GM_dmitrij won by resignation"]

1. e4 c5 2. Nf3 d6 3. d4 cxd4 4. Nxd4 Nf6 5. Nc3 g6 6. Be3 Bg7 7. f3 a6 8. Qd2 Nbd7 9. O-O-O b5 10. Kb1 Bb7 11. Bh6 Bxh6 12. Qxh6 Rc8 13. Bd3 Rxc3 14. bxc3 Qc7 15. Ne2 Nb6 16. h4 Rg8 17. Qe3 Na4 18. Qd4 Nd7 19. Qb4 Ne5 20. c4 a5 21. Qa3 Nxc4 22. Bxc4 Qxc4 23. Qd3 Qc5 24. Qd4 Kd7 25.
Qxc5 Nxc5 26. Nd4 b4 27. Nb3 Na4 28. Rd4 Ra8 29. e5 d5 30. a3 Nc3+ 31. Kb2 Nb5 32. Rdd1 Nxa3 33. Nc5+ Kc6 34. Nxb7 Nc4+ 35. Ka2 Kxb7 36.
Rxd5 Nb6 37. Rd4 Rc8 38. Kb3 Rc3+ 39. Kb2 Nc4+ 40. Kc1 a4 41. Rhd1 a3 42. Kb1 Kc6 43. R1d3 Rxd3 44. cxd3 Nxe5 45. Rxb4 Nxd3 46. Rb8 Nf4 47.
g3 Ne2 48. g4 Nd4 49. Rh8 Nxf3 50. Rxh7 f5 51. gxf5 gxf5 52. h5 f4 53. h6 Ng5 54.
Rg7 f3 55. Rxg5 f2 56. Rf5 1-0

[Event "Late-Titled-Tuesday-Blitz-June-25-2024"]
[Site "Chess.com"]
[Date "2024.06.25"]
[Round "7"]
[White "Hirna2005"]
[Black "VaglioSagan"]
[Result "1/2-1/2"]
[WhiteElo "2379"]
[BlackElo "2544"]
[TimeControl "180+1"]
[EndTime "15:17:09 PDT"]
[Termination "Game drawn by repetition"]

1. e4 c6 2. Nc3 d5 3. Nf3 dxe4 4.
Nxe4 Nf6 5. Qe2 Nxe4 6. Qxe4 g6 7. Bc4 Bg7 8. d3 O-O 9. O-O Nd7 10. Bg5 Nf6 11. Qe3 e6 12. Qf4 Nd5 13. Qh4 Qb6 14. Rab1 Bd7 15. Bh6 Bf6 16. Qg3 Rfe8 17. Ne5 Qc7 18.
Rfe1 Bxe5 19. Rxe5 f6 20. Ree1 Qxg3 21. hxg3 a5 22. Bd2 b5 23. Bb3 a4 24. Bxd5 cxd5 25.
Bb4 Rec8 26. c3 Kf7 27. d4 h5 28. f4 Rh8 29. Kf2 h4 30. Rh1 hxg3+ 31. Kxg3 Rh5 32. Rxh5 gxh5 33. Rh1 Kg6 34. Re1 Rg8 35. Kf3 Kf5 36.
g3 Rg4 37. Rh1 Be8 38. Be7 Bg6 39. Bd6 Bf7 40. Rh2 Bg6 41. b3 axb3 42. axb3 Bf7 43.
Ra2 h4 44. gxh4 Rxh4 45. Ra7 Bg6 46. Rg7 Rh3+ 47. Kg2 Rxc3 48. Be7 Rxb3 49. Rg8 Bh5 50. Rf8 Kxf4 51. Bxf6 Ke4 52. Rh8 Bg4 53. Be5 Bf5 54. Rc8 b4 55. Kf2 Rb2+ 56. Ke1 Kd3 57. Rc1 b3 58.
Rd1+ Ke3 59. Rc1 Rb1 60. Rxb1 Bxb1 61. Kd1 Kd3 62. Kc1 Kc3 63. Kxb1 Kc4 64. Kb2 Kb4 65. Bf6 Kc4 66. Be5 Kb4 67. Bd6+ Kc4 68. Be5 1/2-1/2

[Event "Late-Titled-Tuesday-Blitz-June-25-2024"]
[Site "Chess.com"]
[Date "2024.06.25"]
[Round "7"]
[White "ATM622"]
[Black "AlphaPerseii"]
[Result "0-1"]
[WhiteElo "2523"]
[BlackElo "2390"]
[TimeControl "180+1"]
[EndTime "15:17:09 PDT"]
[Termination "AlphaPerseii won by resignation"]

1. d4 d5 2. c4 c6 3. Nf3 Nf6 4.
Nbd2 Bf5 5. Nh4 Bg4 6. h3 Bh5 7. g4 Bg6 8. Bg2 e6 9. Qb3 Qc7 10. Nxg6 hxg6 11. e4 dxe4 12. Nxe4 Nbd7 13. Bg5 Qb6 14.
Bxf6 gxf6 15. c5 Qa5+ 16. Qc3 Qc7 17. O-O-O f5 18. d5 cxd5 19. gxf5 gxf5 20. Qxh8 fxe4 21.
Kb1 O-O-O 22. c6 bxc6 23. Qc3 Be7 24. Rc1 c5 25. h4 Bf6 26. Qa3 Qb6 27. Bf1 c4 28.
Rh2 Nc5 29. h5 Kd7 30. h6 Rb8 31. f3 c3 32. fxe4 cxb2 33. Rd1 Nxe4 34. Rh3 Nf2 35. Rb3 Nxd1 36. Rxb6 Rxb6 37. Qa4+ Kd6 38. Qxd1 Rc6 39. Bd3 Rc1+ 40. Qxc1 bxc1=Q+ 41. Kxc1 e5 42. Bf5 e4 43.
Kd2 Bg5+ 44. Ke2 Bxh6 45. Bh7 Ke5 46. Bg8 f5 47. Bh7 f4 48. Kf1 Kd4 49. Ke2 f3+ 50. Kf1 Ke3 51. Bg8 d4 52. Bc4 d3 53. Bb3 Kd2 54. Kf2 Be3+ 55. Kf1 Bc5 56. Bd5 e3 57. Bxf3 e2+ 0-1

[Event "Late-Titled-Tuesday-Blitz-June-25-2024"]
[Site "Chess.com"]
[Date "2024.06.25"]
[Round "7"]
[White "PapaieDudu"]
[Black "Maus7"]
[Result "0-1"]
[WhiteElo "2458"]
[BlackElo "2660"]
[TimeControl "180+1"]
[EndTime "15:17:11 PDT"]
[Termination "Maus7 won on time"]

1. Nf3 Nf6 2. d4 d6 3. c4 Nc6 4. Nc3 e5 5. Bg5 exd4 6. Nxd4 Be7 7. e3 O-O 8. Be2 h6 9. Bh4 Nxd4 10. Qxd4 Be6 11. Bf3 c6 12. O-O-O Rc8 13. Kb1 a6 14. g4 c5 15. Qf4 b5 16. g5 Nh7 17. gxh6 Bxh4 18.
hxg7 Kxg7 19. Rhg1+ Kh8 20. Ne4 Qe7 21. Nxd6 Rcd8 22.
Be4 Bg5 23. Qe5+ f6 24. Qxc5 f5 25. Bc2 bxc4 26. Qd4+ Bf6 27. Qc5 Rd7 28. Qa3 Rb8 29.
b3 cxb3 30. axb3 Rb6 31. Nc4 Bxc4 32. Qxe7 Rxd1+ 33. Rxd1 Bxe7 34. Rd7 Bf6 35. Bxf5 Bxb3 36. Rxh7+ Kg8 37. Rc7 Be6+ 38. Kc1 Bxf5 39. f3 Be6 40. e4 Kf8 41. f4 Rb4 42. e5 Be7 43. Ra7 Rxf4 44. Rxa6 Rf1+ 45. Kd2 Kf7 46. Ke3 Rh1 47. h4 Rxh4 48. Ra1 Bc5+ 49. Kd3 Bd5 50. Rf1+ Ke6 0-1

[Event "Late-Titled-Tuesday-Blitz-June-25-2024"]
[Site "Chess.com"]
[Date "2024.06.25"]
[Round "7"]
[White "Heliosis11"]
[Black "sergeikim"]
[Result "0-1"]
[WhiteElo "2426"]
[BlackElo "2601"]
[TimeControl "180+1"]
[EndTime "15:17:12 PDT"]
[Termination "sergeikim won on time"]

1. e4 e5 2. Nf3 Nc6 3. Bb5 a6 4. Ba4 Nf6 5. O-O b5 6. Bb3 Bc5 7. a4 Bb7 8. Re1 d6 9. c3 h6 10.
d4 Bb6 11. axb5 axb5 12. Rxa8 Bxa8 13. Na3 O-O 14. Nxb5 exd4 15. cxd4 Re8 16. Nc3 Nb4 17. d5 Ng4 18. Rf1 Qf6 19. h3 Ne5 20. Nxe5 Qxe5 21.
Qf3 Bb7 22. Bf4 Qf6 23. Re1 Ba6 24. Rd1 Nd3 25. Bg3 Qxf3 26. gxf3 Nxb2 27. Rd2 Nd3 28. Nd1 Ne5 29. Kg2 Bb5 30. Ne3 g6 31. Ng4 Nxg4 32.
hxg4 Kg7 33. Bc2 f6 34. Bd3 Bd7 35. Rc2 Ra8 36. Rb2 Ra3 37. Bb5 Bc8 38. Bc6 Ba5 39.
Rb8 Ba6 40. f4 Bd3 41. e5 Be4+ 42. Kh2 Ra1 43. exf6+ Kxf6 44. f3 Ra2+ 45. Kh3 Bxf3 46. g5+ hxg5 47. fxg5+ Kxg5 48. Bh4+ Kf5 49. Rf8+ Ke4 50.
Rf6 Ra1 51. Bg3 Bh5 52. Bh2 Ra2 53. Re6+ Kd4 54. Be8 Ra3+ 0-1

[Event "Late-Titled-Tuesday-Blitz-June-25-2024"]
[Site "Chess.com"]
[Date "2024.06.25"]
[Round "7"]
[White "koncheto"]
[Black "Seppppppy"]
[Result "1-0"]
[WhiteElo "2578"]
[BlackElo "2397"]
[TimeControl "180+1"]
[EndTime "15:17:12 PDT"]
[Termination "koncheto won by checkmate"]

1. e4 e5 2. Nf3 Nc6 3. d4 exd4 4. Bc4 Nf6 5. O-O Nxe4 6. Nc3 Nxc3 7. bxc3 d5 8. Bb5 dxc3 9. Re1+ Be7 10. Ne5 Qd6 11. Nxc6 bxc6 12. Ba3 Qxa3 13. Bxc6+ Bd7 14. Bxa8 O-O 15.
Bxd5 Bd6 16. Qf3 Qa4 17. Bb3 Qh4 18. g3 Qb4 19. Re4 Qc5 20. Rc4 Qe5 21. Rd1 Be6 22. Rxc3 Bd7 23. Re3 Qg5 24. h4 Qg6 25. Qd5 Be6 26. Qg5 Qxg5 27. hxg5 Bg4 28. Rd4 Bf5 29. Ra4 Bg6 30. Bc4 Bc5 31. Re2 Bb6 32.
Bd3 h6 33. Bxg6 fxg6 34. gxh6 gxh6 35. Rae4 Rd8 36. Re8+ Rxe8 37. Rxe8+ Kf7 38. Re4 h5 39. Kf1 Kf6 40. Ke2 Kf5 41. f3 g5 42. g4+ hxg4 43. Rxg4 Bc5 44. Kd3 a5 45. Kc4 Bb6 46.
Kb5 Kf6 47. c4 Be3 48. Kxa5 Bd2+ 49. Kb5 Be3 50. c5 Kf5 51. a4 Bf2 52. a5 c6+ 53. Kb6 Be1 54. a6 Bf2 55. a7 Be3 56. Kxc6 Bf4 57.
Rxf4+ Kxf4 58. a8=Q Kxf3 59. Kd6+ Kg3 60. Qg8 g4 61. Qxg4+ Kxg4 62. c6 Kf5 63. c7 Ke4 64.
c8=Q Kd3 65. Qe6 Kd4 66. Qe5+ Kc4 67. Qe4+ Kc3 68. Kd5 Kb3 69. Qc4+ Ka3 70. Kd4 Kb2 71. Qc3+ Ka2 72. Qb4 Ka1 73. Kc3 Ka2 74. Qb2# 1-0

[Event "Late-Titled-Tuesday-Blitz-June-25-2024"]
[Site "Chess.com"]
[Date "2024.06.25"]
[Round "7"]
[White "anthonydrayton"]
[Black "IngOscarArdila"]
[Result "1-0"]
[WhiteElo "2128"]
[BlackElo "2348"]
[TimeControl "180+1"]
[EndTime "15:17:15 PDT"]
[Termination "anthonydrayton won by resignation"]

1. d4 Nf6 2. Bf4 e6 3. Nc3 Be7 4.
e4 d6 5. Qd2 Nbd7 6. f3 h6 7.
h4 e5 8. dxe5 Nxe5 9. O-O-O Be6 10. Qe3 Qc8 11. g4 Nc4 12. Bxc4 Bxc4 13. b3 Be6 14.
Nd5 Bxd5 15. exd5 O-O 16. Bxh6 gxh6 17. Qxe7 Qd8 18. Qe3 Kg7 19. g5 Ng8 20. Nh3 Re8 21. gxh6+ Kh8 22. Qd2 Qf6 23. Kb1 Qxh6 24. Ng5 Re7 25.
Rde1 Rxe1+ 26. Qxe1 Qf6 27. Rg1 Nh6 28. Qe4 Qg6 29.
Qe7 f6 30. Nh3 Qf7 31. Qe3 Nf5 32. Qf4 Qh5 33. Ng5 Qg6 34. Nf7+ Qxf7 35. Qxf5 Rg8 36. Rxg8+ Kxg8 37. Qc8+ Kh7 38. Qxb7 Qe7 39. a4 a5 40.
Qc6 Qe1+ 41. Ka2 Qe7 42. Qc3 Kg6 43. Qd3+ Kh5 44. Qd4 Qe2 45. Qg4+ Kh6 46. Qf4+ Kg7 47. Qe4 Qd2 48. Kb2 Qd1 49. h5 Qd2 50. Qg6+ Kf8 51. Qxf6+ Ke8 52. h6 Kd7 53. h7 Qh2 54. Qf7+ Kc8 55.
Qf8+ Kb7 56. h8=Q Qe5+ 57. Qxe5 1-0